 Dungeon Crawl Stone Soup version 0.26-a0-466-g989023bd0d (webtiles) character file.

Game seed: 3049051519637072432

1383 Mesmaeker13 the Chiller (level 8, -13/46 HPs)
             Began as an Octopode Ice Elementalist on Aug 2, 2020.
             Was an Initiate of Gozag.
             Mangled by a red ugly thing (15 damage)
             ... on level 6 of the Dungeon.
             The game lasted 00:12:56 (6554 turns).

Mesmaeker13 the Chiller (Octopode Ice Elementalist) Turns: 6554, Time: 00:12:57

Health: -13/46     AC:  1    Str:  8    XL:     8   Next: 67%
Magic:  15/24      EV: 15    Int: 23    God:    Gozag
Gold:   899        SH:  0    Dex: 12    Spells: 8/17 levels left

rFire    x . .     SeeInvis .   n - +3 flail of Onnyst {holy, rN++ MR- MP+9 Int+4}
rCold    + . .     Faith    .   (no shield)
rNeg     + + .     Spirit   .   (helmet restricted)
rPois    .         Reflect  .   (no amulet)
rElec    .         Harm     .   c - ring of flight
rCorr    .                      u - ring of ice
MR       .....                  (no ring)
Stlth    +++.......             (no ring)
HPRegen  0.15/turn              (no ring)
MPRegen  0.19/turn              (no ring)
                                (no ring)
                                (no ring)

@: gold aura, frozen ramparts
A: almost no armour, stealthy swim, amphibious, 8 rings, constrict 8, camouflage
1, gelatinous body 1
a: Potion Petition, Call Merchant, Bribe Branch, Renounce Religion, Evoke Flight


You were on level 6 of the Dungeon.
You worshipped Gozag.
Gozag was pleased with you.
You visited 1 branch of the dungeon, and saw 6 of its levels.

You collected 1310 gold pieces.
You spent 390 gold pieces at shops.
You paid 21 gold pieces to Gozag.

Inventory:

Hand Weapons
 f - a +1 dagger of flaming
 n - the +3 flail of Onnyst (weapon) {holy, rN++ MR- MP+9 Int+4}
   (You found it on level 5 of the Dungeon)

   It has been blessed by the Shining One to cause great damage to the undead
   and demons.
   It affects your intelligence (+4).
   It greatly protects you from negative energy.
   It affects your resistance to hostile enchantments.
   It affects your magic capacity (+9).
 z - a +5 mace of protection
Missiles
 q - 2 atropa-tipped darts (quivered)
 r - 2 javelins
Armour
 A - a +1 tower shield of protection
Jewellery
 c - a ring of flight (left tentacle)
 u - a ring of ice (right tentacle)
Wands
 d - a wand of iceblast (2)
 y - a wand of acid (4)
Scrolls
 a - a scroll of amnesia {unknown}
 g - 3 scrolls of enchant weapon
 h - a scroll of fear {unknown}
 k - a scroll of magic mapping {unknown}
 l - a scroll of enchant armour {unknown}
 m - a scroll of fog {unknown}
 w - 2 scrolls of remove curse {unknown}
Potions
 b - a potion of heal wounds {unknown}
 e - 2 potions of curing
 i - a potion of magic {unknown}
 j - 3 potions of stabbing
 s - a potion of berserk rage {unknown}
 v - 2 potions of degeneration {unknown}


   Skills:
 + Level 5.5 Dodging
 - Level 2.6 Stealth
 + Level 5.1 Spellcasting
 + Level 2.6 Conjurations
 + Level 6.6 Ice Magic
 - Level 4.0 Evocations


You had 8 spell levels left.
You knew the following spells:

 Your Spells              Type           Power        Failure   Level
a - Freeze                Ice            ####         1%          1
b - Frozen Ramparts       Ice            ######       1%          3
c - Ozocubu's Armour      Ice            ######..     1%          3
d - Searing Ray           Conj           ###...       4%          2

Your spell library contained the following spells:

 Spells                   Type           Power        Failure   Level
 Magic Dart               Conj           ###.         3%          1
 Blink                    Tloc           N/A          14%         2
 Call Imp                 Summ           #.......     14%         2
 Slow                     Hex            #.......     14%         2
 Hailstorm                Conj/Ice       #####...     14%         4
 Conjure Flame            Conj/Fire      ##......     16%         3
 Dazzling Flash           Conj/Hex       ##....       16%         3
 Mephitic Cloud           Conj/Pois/Air  #.......     21%         3
 Summon Ice Beast         Ice/Summ       ####....     24%         4
 Fulminant Prism          Conj/Hex       ##........   47%         4
 Iskenderun's Mystic Bla  Conj/Tloc      ##......     47%         4


Dungeon Overview and Level Annotations

Branches:
Dungeon (6/15)             Temple (0/1) D:4

Altars:
Ashenzari
Cheibriados
Elyvilon
Gozag
Nemelex Xobeh
Qazlal
Wu Jian
Yredelemnul

Shops:
D:6 }:


Innate Abilities, Weirdness & Mutations

You cannot wear most types of armour.
You are very stealthy in the water. (Stealth+)
You are amphibious.
You can wear up to eight rings at the same time.
You can use your tentacles to constrict eight enemies at once.
Your skin changes colour to match your surroundings (Stealth+).
Your rubbery body absorbs attacks. (AC +1, EV +1)


Message History

Aim: an iguana (severely wounded)
The mass of ice explodes!
The iceblast engulfs the iguana.
The iguana is severely wounded.
The iceblast engulfs the orc.
The orc is heavily wounded.
The iceblast engulfs the red ugly thing!
The red ugly thing is heavily wounded.
You hear a bark!
The red ugly thing kicks you!
You are engulfed in flames!!
The fire burns you terribly!
* * * LOW HITPOINT WARNING * * *
The wall freezes the iguana.
You hear a shout!
Okay, then.
The wall freezes the orc!
You kill the orc!
The wall freezes the centaur zombie but do no damage.
The red ugly thing kicks you!
You die...
Your body crumbles into a pile of gold.

######
#....#
#....#
#lu@.#
#$$..#
..lu..Z....#
.....$#....#
......#....#
..... #....#
.# .....
#....# .#
#### ######
#.#


You could see a red ugly thing, an iguana and a centaur zombie.

Vanquished Creatures
  A tengu conjurer (D:6)
  3 ogres (D:4)
  A phantom (D:6)
  5 bullfrogs (D:6)
  3 hounds
  An orc priest (D:3)
  A jelly (D:5)
  A bullfrog skeleton (D:5)
  An orc wizard (D:6)
  2 worker ants (D:4)
  A hound skeleton (D:6)
  4 gnolls (D:4)
  6 adders
  A white imp (D:5)
  An ooze (D:1)
  2 worms (D:2)
  A dart slug (D:1)
  4 leopard geckos (D:3)
  13 orcs
  A ball python (D:1)
  4 bats
  7 giant cockroaches
  9 goblins
  11 hobgoblins
  6 jackals
  4 quokkas
  A ball python skeleton (D:6)
  4 frilled lizards
  A jackal skeleton (D:4)
  4 kobolds
  7 rats
111 creatures vanquished.

Notes
Turn   | Place    | Note
-------+----------+-------------------------------------------
     0 | D:1      | Mesmaeker13 the Octopode Ice Elementalist began the quest
                  | for the Orb.
     0 | D:1      | Reached XP level 1. HP: 11/11 MP: 3/3
   428 | D:1      | Reached XP level 2. HP: 12/17 MP: 5/5
  1176 | D:2      | Reached XP level 3. HP: 21/21 MP: 3/6
  1540 | D:2      | Found an opulent altar of Gozag.
  1745 | D:2      | Became a worshipper of Gozag Ym Sagoz the Greedy
  1847 | D:2      | Reached XP level 4. HP: 23/27 MP: 2/8
  1864 | D:2      | Learned a level 3 spell: Frozen Ramparts
  2425 | D:3      | Found a stormy altar of Qazlal.
  2647 | D:3      | Found a sparkling altar of Nemelex Xobeh.
  3026 | D:3      | HP: 1/27 [orc priest/divine providence (15)]
  3028 | D:3      | Reached skill level 1 in Evocations
  3028 | D:3      | Reached XP level 5. HP: 13/31 MP: 3/9
  3323 | D:3      | Found a basalt altar of Yredelemnul.
  3677 | D:4      | Reached skill level 5 in Ice Magic
  3783 | D:4      | Noticed an ogre
  3783 | D:4      | Noticed an ogre
  3785 | D:4      | Killed an ogre
  3785 | D:4      | Reached XP level 6. HP: 36/36 MP: 11/11
  3944 | D:4      | Reached XP level 7. HP: 41/41 MP: 5/12
  4565 | D:4      | Found a staircase to the Ecumenical Temple.
  4588 | D:5      | Entered Level 5 of the Dungeon
  4699 | D:5      | Learned a level 3 spell: Ozocubu's Armour
  4788 | D:5      | Found a white marble altar of Elyvilon.
  4992 | D:5      | Got a transparent flail
  5103 | D:5      | Found an ornate altar of the Wu Jian Council.
  5265 | D:6      | Found Tehonnei's Book Emporium.
  5551 | D:6      | Bought a book of Conjurations for 390 gold pieces
  5555 | D:6      | Learned a level 2 spell: Searing Ray
  5726 | D:6      | Reached skill level 6 in Ice Magic
  5726 | D:6      | Reached XP level 8. HP: 16/46 MP: 0/14
  5950 | D:6      | Identified the +3 flail of Onnyst {holy, rN++ MR- MP+9
                  | Int+4} (You found it on level 5 of the Dungeon)
  6006 | D:6      | Found a snail-covered altar of Cheibriados.
  6009 | D:6      | Found Itommos's Gadget Boutique.
  6182 | D:6      | Reached skill level 1 in Conjurations
  6202 | D:6      | Found a shattered altar of Ashenzari.
  6235 | D:6      | Paralysed by an orc warrior for 4 turns
  6540 | D:6      | Noticed a tengu conjurer
  6541 | D:6      | Noticed a red ugly thing
  6542 | D:6      | Reached skill level 5 in Dodging
  6543 | D:6      | Killed a tengu conjurer
  6543 | D:6      | Reached skill level 5 in Spellcasting
  6553 | D:6      | HP: 2/46 [red ugly thing (21)]
  6554 | D:6      | Mangled by a red ugly thing

Illustrated notes

Levels and vault maps discovered:
D:1:      wander_arrival_peaceful_grave, layout_loops_corners
D:2:      layout_rooms, nicolae_overflow_crystal_walls, minmay_heptomino_l4
D:3:      layout_loops_ring, nicolae_qazlal_general_emergency,
          nemelex_xobeh_ov_fountains_minmay, marbit_many_paths
D:4:      layout_basic, temple_statues, serial_bayou_pond_d, minivault_11
D:5:      layout_loops_ring, nicolae_overflow_hidden_temple,
          gammafunk_temple_overflow_wave, grunt_dithmenos_shadows, serial_shops,
          nicolae_shop_behind_doors, st_stairs_10, roderic_serpentine_path,
          elyvilon_altar_3
D:6:      minmay_klotski, layout_basic, cheibriados_altar_1, vehumet_statue,
          lemuel_crystal_altar, serial_shops, shop_coins, shop_statue,
          shop_fountains

Skill      XL: |  1  2  3  4  5  6  7  8 |
---------------+-------------------------+-----
Dodging        | 3 4 5 |  5.5
Spellcasting   | 3 4 5 |  5.1
Evocations     | 1 2 3 4 |  4.0
Ice Magic      | 5 6 |  6.6
Conjurations   | 2 |  2.6
Stealth        | |  2.6

Action                   |  1- 3 |  4- 6 |  7- 9 || total
-------------------------+-------+-------+-------++-------
Melee: Dagger            |    22 |    35 |    39 ||    96
       Short sword       |     2 |       |       ||     2
       Constrict         |     5 |     9 |     5 ||    19
       Tentacles         |     4 |     5 |     6 ||    15
       Flail             |       |       |     3 ||     3
Throw: Dart              |       |     7 |     4 ||    11
 Cast: Freeze            |    24 |    40 |    39 ||   103
       Frozen Ramparts   |       |     1 |     6 ||     7
       Ozocubu's Armour  |       |       |     8 ||     8
       Searing Ray       |       |       |     5 ||     5
Evoke: Wand              |       |     3 |     8 ||    11
  Use: Scroll            |     1 |     5 |     5 ||    11
       Potion            |       |     3 |     1 ||     4
 Stab: Sleeping          |     7 |     7 |     3 ||    17
Armor: Skin              |       |     3 |     7 ||    10
Dodge: Dodged            |    17 |    43 |    64 ||   124

Table legend: (Time is in decaauts)
 A = Elapsed time spent in this place.
 B = Non-inter-level travel time spent in this place.
 C = Inter-level travel time spent in this place.
 D = Time resting spent in this place.
 E = Time spent auto-exploring this place.
 F = Levels seen in this place.
 G = Mean time per level.
                   A        B        C        D        E       F      G
               +--------+--------+--------+--------+--------+-----+--------+
         Total |   6531 |   6398 |    133 |   2182 |   3168 |   6 | 1088.5 |
       Dungeon |   6531 |   6398 |    133 |   2182 |   3168 |   6 | 1088.5 |
               +--------+--------+--------+--------+--------+-----+--------+

Top non-repeatable levels by time:
     D:2: 1235 daAuts
     D:4: 1160 daAuts
     D:1: 1155 daAuts
     D:6: 1120 daAuts
     D:3: 1032 daAuts
     D:5: 827 daAuts
